AoeStats
← ninja88haver

Arena

509718316Analyzed
3v3 RM · 6d ago on Sep 27, 2026· 66m 35s· 6 players
Game mode
Random Map
Map size
Normal (6 player)
Population
200
Speed
Normal
Resources
Standard
Victory
Conquest
Starting age
Dark Age
Ending age
Imperial Age
RankedLock teamsTeams togetherTeam positionsShared explorationLock speedFull tech treeHidden civsTurbo modeCheats
Victory
Defeat
🇨🇱 Huns · Chile
482
+17
🇮🇪 Britons · Ireland
464
+18
🇲🇽 Britons · Mexico
439
+19
🇭🇺 Huns · Hungary
510
-18
🇭🇺 Persians · Hungary
498
-18
🇭🇺 Burgundians · Hungary
498
-18
Don Quintin
0:39 Loom
12:10 Feudal Age
12:37 Town Watch
12:45 Double-Bit Axe
13:40 Horse Collar
20:53 Gold Mining
21:20 Stone Mining
23:00 Fletching
23:12 Padded Archer Armor
26:53 Castle Age
28:29 Gold Shaft Mining
28:12 Bow Saw
30:02 Leather Archer Armor
29:45 Bodkin Arrow
32:09 Ballistics
31:35 Treadmill Crane
32:27 Caravan
32:58 Coinage
33:08 Heavy Plow
38:21 Fortified Wall
39:37 Yeomen
42:48 Imperial Age
41:40 Forging
41:33 Scale Mail Armor
42:35 Town Patrol
43:11 Wheelbarrow
42:53 Murder Holes
42:49 Heated Shot
43:10 Masonry
44:33 Two-Man Saw
44:09 Conscription
43:50 Warwolf
45:05 Chemistry
45:11 Elite Longbowman
46:38 Ring Archer Armor
46:40 Bracer
47:37 Siege Engineers
48:13 Architecture
49:27 Iron Casting
49:10 Chain Mail Armor
49:32 Banking
52:40 Arrowslits
52:46 Guard Tower
54:29 Hoardings
53:24 Sappers
57:16 Fervor
57:22 Block Printing
57:32 Illumination
57:08 Devotion
57:29 Sanctity
57:44 Theocracy
57:05 Herbal Medicine
daveofempires
14:36 Feudal Age
15:56 Wheelbarrow
15:10 Horse Collar
19:06 Gold Mining
27:52 Castle Age
26:27 Padded Archer Armor
26:18 Fletching
26:29 Scale Mail Armor
26:40 Forging
26:36 Scale Barding Armor
26:08 Man-at-Arms
29:05 Hand Cart
29:00 Heavy Plow
28:48 Double-Bit Axe
29:42 Gold Shaft Mining
29:28 Chain Mail Armor
29:10 Bodkin Arrow
31:22 Stone Mining
32:56 Leather Archer Armor
34:14 Pikeman
34:55 Squires
50:53 Long Swordsman
66:29 Town Watch
66:30 Loom
janyo3555
14:49 Feudal Age
16:27 Wheelbarrow
15:36 Horse Collar
15:48 Gold Mining
15:52 Double-Bit Axe
24:15 Bloodlines
26:42 Castle Age
25:32 Scale Barding Armor
25:28 Scale Mail Armor
25:39 Forging
27:58 Hand Cart
27:58 Bow Saw
28:26 Gold Shaft Mining
27:41 Stone Mining
27:54 Heavy Plow
29:31 Caravan
31:27 Light Cavalry
32:08 Husbandry
33:17 Chain Barding Armor
32:24 Pikeman
37:14 Imperial Age
35:08 Chain Mail Armor
35:24 Ballistics
36:32 Squires
36:18 Arson
38:11 Hussar
40:45 Two-Man Saw
39:22 Halberdier
41:45 Elite Tarkan
42:26 Marauders
47:26 Iron Casting
47:28 Plate Barding Armor
48:01 Chemistry
55:52 Blast Furnace
54:43 Fletching
54:54 Padded Archer Armor
66:33 Spies/Treason
ninja88haver
1:03 Loom
10:18 Feudal Age
11:17 Town Watch
12:12 Wheelbarrow
17:57 Gold Mining
17:58 Stone Mining
18:00 Double-Bit Axe
24:11 Castle Age
25:02 Horse Collar
25:48 Bow Saw
26:30 Gold Shaft Mining
26:25 Heavy Plow
szmate88
15:52 Feudal Age
16:23 Horse Collar
16:37 Double-Bit Axe
18:41 Wheelbarrow
20:44 Stone Mining
20:46 Gold Mining
24:32 Castle Age
25:24 Heavy Plow
25:41 Bow Saw
25:46 Husbandry
27:42 Two-Man Saw
27:30 Hand Cart
26:55 Light Cavalry
31:39 Cavalier
33:24 Scale Barding Armor
38:24 Padded Archer Armor
38:44 Chain Barding Armor
39:44 Stone Shaft Mining
39:44 Gold Shaft Mining
42:21 Ballistics
41:59 Fletching
45:47 Forging
51:26 Imperial Age
52:13 Elite Skirmisher
53:46 Paladin
57:49 Hussar
pegazus3333
13:22 Feudal Age
14:33 Double-Bit Axe
18:19 Castle Age
18:55 Scale Barding Armor
20:16 Town Watch
22:43 Horse Collar
23:18 Bow Saw
25:32 Wheelbarrow
25:07 Town Patrol
27:35 Hand Cart
30:34 Light Cavalry
31:25 Bloodlines
42:51 Imperial Age
47:36 Elite Tarkan
47:54 Hussar
Connection lost

Rejoining the realm…

Still unreachable

The connection could not be restored.

Session expired

The server has moved on; the page needs a fresh start.